 Dungeon Sprint DCSS version 0.26.1-2-gb8aa6d0cf2 (webtiles) character file.

Game seed: 12988294000163521161

13957 Groucho the Unseen (level 11, -20/60 HPs)
             Began as a Spriggan Enchanter on Feb 17, 2021.
             Was the Champion of Kikubaaqudgha.
             Demolished by a dire elephant (49 damage)
             ... called by a spriggan druid
             ... in the Dungeon (Sprint VII: "The Pits").
             The game lasted 00:15:00 (4722 turns).

Groucho the Unseen (Spriggan Enchanter)             Turns: 4722, Time: 00:15:01

Health: -20/60     AC:  2    Str:  7    XL:     11   Next: 82%
Magic:  21/29      EV: 32    Int: 18    God:    Kikubaaqudgha [******]
Gold:   0          SH:  0    Dex: 16    Spells: 22/37 levels left

rFire    . . .     SeeInvis +   f - +2 dagger (elec)
rCold    . . .     Faith    .   (shield restricted)
rNeg     . . .     Spirit   .   b - +0 robe
rPois    .         Reflect  .   (helmet restricted)
rElec    .         Harm     .   (no cloak)
rCorr    .         Rampage  .   (gloves unavailable)
Will     +....     NoTele   +   (boots unavailable)
Stlth    +++++++...             (no amulet)
HPRegen  0.20/turn              (no ring)
MPRegen  0.21/turn              (no ring)

@: confusing touch, very quick
A: very small, unfitting armour, see invisible, speed 3
a: Renounce Religion, Receive Corpses, Torment, Brand Weapon With Pain, Receive
Necronomicon


You were in the Dungeon.
You worshipped Kikubaaqudgha.
Kikubaaqudgha was exalted by your worship.
You visited 1 branch

Inventory:

Hand Weapons
 c - a +2 dagger
 f - a +2 dagger of electrocution (weapon)
 q - the +2 rapier "Eniptare" {speed, rElec Int-4 Dex+4 SInv}
   (You found it in the Dungeon)

   Attacks with this weapon are significantly faster.
   It affects your intelligence (-4).
   It affects your dexterity (+4).
   It insulates you from electricity.
   It lets you see invisible.
Missiles
 n - 14 stones (quivered)
Armour
 b - a +0 robe (worn)
Jewellery
 a - a +3 ring of dexterity
 i - a +3 ring of strength
Scrolls
 k - 3 scrolls of remove curse
 l - 5 scrolls of amnesia
 m - a scroll of summoning
Potions
 d - 9 potions of curing
 e - 3 potions of heal wounds
 g - 3 potions of magic
 h - 2 potions of berserk rage
 j - 2 potions of invisibility
 o - a potion of might
 p - 2 potions of brilliance
 r - a potion of mutation


   Skills:
 * Level 8.9 Fighting
 * Level 11.5 Short Blades
 * Level 16.8 Dodging
 - Level 18.0 Stealth
 + Level 13.7 Spellcasting
 - Level 5.0 Conjurations
 - Level 14.0 Hexes
 - Level 7.0 Necromancy
 - Level 5.0 Ice Magic


You had 22 spell levels left.
You knew the following spells:

 Your Spells              Type           Power        Failure   Level
a - Corona                Hex            64%          1%          1
b - Ensorcelled Hibernat  Hex/Ice        92%          1%          2
c - Confusing Touch       Hex            58%          1%          3
d - Tukima's Dance        Hex            58%          1%          3
e - Dazzling Flash        Conj/Hex       92%          1%          3
f - Vampiric Draining     Necr           18%          1%          3

Your spell library contained the following spells:

 Spells                   Type           Power        Failure   Level
 Pain                     Necr           100%         1%          1
 Corpse Rot               Necr/Air       N/A          1%          2
 Sublimation of Blood     Necr           18%          1%          2
 Dispel Undead            Necr           37%          3%          4
 Agony                    Necr           37%          9%          5
 Excruciating Wounds      Necr           18%          9%          5
 Death Channel            Necr           18%          43%         6
 Simulacrum               Ice/Necr       16%          56%         6


Dungeon Overview and Level Annotations

Branches:
Dungeon (1/1)

Altars:
Ashenzari
Cheibriados
Dithmenos
Elyvilon
Fedhas
Gozag
Hepliaklqana
Kikubaaqudgha
Makhleb
Nemelex Xobeh
Okawaru
Qazlal
Ru
Sif Muna
Trog
Uskayaw
Vehumet
Wu Jian
Xom
Yredelemnul
Zin
The Shining One
Beogh
Jiyva
Lugonu


Innate Abilities, Weirdness & Mutations

You are very small and have problems with some larger weapons.
You are too small for most types of armour.
You have supernaturally acute eyesight. (SInv)
You cover ground extremely quickly.


Message History

The dire elephant closely misses you.
Okay, then.
Magic courses through your body.
Casting: Confusing Touch (safe; 1% risk of failure)
Confirm with . or Enter, or press ? or * to list all spells.
Your hands begin to glow red.
The dire elephant tramples you!!!
Ouch! That really hurt!
* * * LOW HITPOINT WARNING * * *
You stumble backwards!
You feel much better.
The dire elephant completely misses you.
The dire elephant trunk-slaps you.
You are too injured to fight recklessly!
Unknown command.
You see here a +0 trident.
You hit the dire elephant but do no damage.
The dire elephant tramples you!!!
Ouch! That really hurt!
You die...
Kikubaaqudgha rasps: "You have failed me!
Welcome... death!"

.....'...)...)........+
'#####......#.)#......#
.#[[##........(.......#
.#))#####'#####)'######
##))##.......##)'# ######## ###
.#))##.......##.)# #......###...
.#..##.......##..# #..#'#........
.#'###...<...##))##..##.##.....#
....##.......##.@##.##...##...###
....##.......##hY####.....##.##.#
######.......##)..##.).†..#...#.#
.#..###########....)).....)YT.'.'
.#)############...##.....†#M..#.#
.#.#....#..[[##..####...÷.##.##.#
)#'#....#..[[##..# ##...##...###
.#)'....'..))##..# ##.##.....#
†#'#....#..))##..# #)#........


You could see a dire elephant (strong) and a warg (strong).

Vanquished Creatures
  Kirke (D)
  4 death yaks (D)
  An orc high priest (D)
  A shadow wraith (D)
  An unseen horror (D)
  A deep troll (D)
  A spriggan druid (D)
  A phantasmal warrior (D)
  2 deep elf magi (D)
  An elephant (D)
  A cyclops (D)
  A gargoyle (D)
  A freezing wraith (D)
  3 kobold demonologists (D)
  A red devil (D)
  A troll (D)
  A polar bear (D)
  A snapping turtle (D)
  Prince Ribbit (D)
  3 redbacks (D)
  4 yaks (D)
  3 tarantellas (D)
  A fire bat (D)
  2 hogs (D)
  A warg (D)
  2 floating eyes (D)
  A swamp drake (D)
  2 orc warriors (D)
  An eye of draining (D)
  2 necrophages (D)
  An ogre (D)
  A big kobold (D)
  A bullfrog (D)
  A gnoll sergeant (D)
  2 hounds (D)
  An orc priest (D)
  An orc wizard (D)
  A gnoll shaman (D)
  An iron imp (D)
  3 mummies (D)
  10 gnolls (D)
  2 adders (D)
  A river rat (D)
  A white imp (D)
  An ufetubus (D)
  An ooze (D)
  2 leopard geckos (D)
  7 orcs (D)
  3 quokkas (D)
  A jackal zombie (D)
  2 kobolds (D)
91 creatures vanquished.

Vanquished Creatures (others)
  3 humans (D)
3 creatures vanquished.

Grand Total: 94 creatures vanquished

Notes
Turn   | Place    | Note
-------+----------+-------------------------------------------
     0 | D        | Groucho the Spriggan Enchanter began the quest for the Orb.
     0 | D        | Reached XP level 1. HP: 9/9 MP: 5/5
    12 | D        | Reached skill level 5 in Stealth
    36 | D        | Found a bloodstained altar of Trog.
    36 | D        | Found a shimmering blue altar of Sif Muna.
    36 | D        | Found a viscous altar of Jiyva.
    36 | D        | Found a hazy altar of Hepliaklqana.
    36 | D        | Found an opulent altar of Gozag.
    37 | D        | Found a glowing golden altar of the Shining One.
    37 | D        | Found a glowing silver altar of Zin.
    37 | D        | Found a basalt altar of Yredelemnul.
    37 | D        | Found a shimmering altar of Xom.
    37 | D        | Found an ornate altar of the Wu Jian Council.
    37 | D        | Found a sacrificial altar of Ru.
    37 | D        | Found a stormy altar of Qazlal.
    37 | D        | Found an iron altar of Okawaru.
    37 | D        | Found a sparkling altar of Nemelex Xobeh.
    37 | D        | Found a burning altar of Makhleb.
    37 | D        | Found a blossoming altar of Fedhas.
    37 | D        | Found a white marble altar of Elyvilon.
    37 | D        | Found a shadowy altar of Dithmenos.
    37 | D        | Found a snail-covered altar of Cheibriados.
    39 | D        | Found a radiant altar of Vehumet.
    39 | D        | Found a corrupted altar of Lugonu.
    39 | D        | Found a roughly hewn altar of Beogh.
    40 | D        | Found a hide-covered altar of Uskayaw.
    40 | D        | Found an ancient bone altar of Kikubaaqudgha.
    40 | D        | Found a broken altar of Ashenzari.
    49 | D        | Became a worshipper of Kikubaaqudgha
    68 | D        | Reached skill level 6 in Stealth
   155 | D        | Reached * piety under Kikubaaqudgha
   155 | D        | Identified Kikubaaqudgha's Handbook of Unholy Rituals
                  | (Kikubaaqudgha gifted it to you in the Dungeon)
   155 | D        | Received a gift from Kikubaaqudgha
   156 | D        | Reached skill level 7 in Stealth
   156 | D        | Reached XP level 2. HP: 6/13 MP: 7/7
   583 | D        | Learned a level 2 spell: Ensorcelled Hibernation
   594 | D        | Noticed a deep elf mage
   594 | D        | Noticed a floating eye
   602 | D        | Reached ** piety under Kikubaaqudgha
   644 | D        | Killed a floating eye
   645 | D        | Reached skill level 11 in Stealth
   645 | D        | Reached XP level 3. HP: 16/16 MP: 7/11
   645 | D        | Reached XP level 4. HP: 21/21 MP: 8/13
   645 | D        | Killed a deep elf mage
   646 | D        | Reached skill level 16 in Stealth
   646 | D        | Reached XP level 5. HP: 24/24 MP: 8/17
   646 | D        | Reached XP level 6. HP: 28/28 MP: 8/19
   646 | D        | Reached XP level 7. HP: 32/32 MP: 8/20
   938 | D        | Noticed Prince Ribbit
   952 | D        | Paralysed by a floating eye for 4 turns
   959 | D        | Reached *** piety under Kikubaaqudgha
   959 | D        | Identified Kikubaaqudgha's Collected Works on Sinister
                  | Secrets (Kikubaaqudgha gifted it to you in the Dungeon)
   959 | D        | Received a gift from Kikubaaqudgha
   960 | D        | Reached skill level 1 in Fighting
   973 | D        | Learned a level 3 spell: Confusing Touch
   977 | D        | Learned a level 3 spell: Tukima's Dance
   981 | D        | Learned a level 3 spell: Dazzling Flash
  1231 | D        | Noticed a fire bat
  1257 | D        | Reached skill level 10 in Hexes
  1259 | D        | Killed Prince Ribbit
  1260 | D        | Reached skill level 5 in Dodging
  1260 | D        | Reached skill level 1 in Conjurations
  1260 | D        | Reached skill level 1 in Necromancy
  1260 | D        | Reached skill level 1 in Ice Magic
  1262 | D        | Killed a fire bat
  1262 | D        | Reached **** piety under Kikubaaqudgha
  1263 | D        | Reached skill level 10 in Spellcasting
  1263 | D        | Reached XP level 8. HP: 35/39 MP: 14/23
  1426 | D        | Noticed a deep elf mage
  1436 | D        | Killed a deep elf mage
  1796 | D        | Reached ***** piety under Kikubaaqudgha
  2110 | D        | Noticed a shadow wraith
  2142 | D        | Reached skill level 5 in Short Blades
  2142 | D        | Reached XP level 9. HP: 36/44 MP: 20/24
  2148 | D        | Killed a shadow wraith
  2149 | D        | Reached skill level 10 in Dodging
  2192 | D        | Got the +2 rapier "Eniptare" {speed, rElec Int-4 Dex+4
                  | SInv}
  2252 | D        | Learned a level 3 spell: Vampiric Draining
  2279 | D        | Reached ****** piety under Kikubaaqudgha
  2284 | D        | Noticed a phantasmal warrior
  2289 | D        | Killed a phantasmal warrior
  2474 | D        | Noticed a freezing wraith
  2474 | D        | Noticed a gargoyle
  2474 | D        | Noticed an elephant
  2784 | D        | Killed a gargoyle
  2810 | D        | Killed an elephant
  2811 | D        | Reached skill level 5 in Necromancy
  2811 | D        | Reached XP level 10. HP: 32/51 MP: 22/26
  2929 | D        | Reached skill level 5 in Fighting
  2939 | D        | Noticed an orc high priest
  3190 | D        | Noticed a smoke demon
  3192 | D        | Killed an orc high priest
  3194 | D        | Reached skill level 5 in Ice Magic
  3788 | D        | Reached skill level 5 in Conjurations
  3887 | D        | Noticed a cyclops
  3897 | D        | Killed a cyclops
  3939 | D        | Reached skill level 17 in Stealth
  4272 | D        | Noticed an unseen horror
  4274 | D        | Reached XP level 11. HP: 58/58 MP: 25/28
  4280 | D        | Killed an unseen horror
  4349 | D        | Noticed Kirke
  4367 | D        | Killed Kirke
  4368 | D        | Reached skill level 15 in Dodging
  4368 | D        | Reached skill level 18 in Stealth
  4584 | D        | Noticed a death yak
  4586 | D        | Noticed a death yak
  4606 | D        | Noticed a death yak
  4611 | D        | Noticed a death yak
  4634 | D        | Noticed a deep troll
  4660 | D        | Killed a death yak
  4661 | D        | Reached skill level 10 in Short Blades
  4671 | D        | Killed a death yak
  4680 | D        | Killed a death yak
  4683 | D        | HP: 3/60 [death yak (22)]
  4688 | D        | Killed a death yak
  4696 | D        | Killed a deep troll
  4697 | D        | Noticed a spriggan druid
  4708 | D        | Killed a spriggan druid
  4708 | D        | Noticed a dire elephant
  4722 | D        | Demolished by a dire elephant

Illustrated notes

Levels and vault maps discovered:
D:        pitsprint [storerooms_1, entrance_room_1, metal_vault_3, armoury_3,
          mini_pit_1, grid_room_1, main_hall_1, silver_pit, the_coven_1,
          the_vestibule_1, steel_vault_1, golden_pit, hallway_of_sentries,
          crystal_vault_4, iron_vault_1, final_vault]

Skill      XL: |  1  2  3  4  5  6  7  8  9 10 11 |
---------------+----------------------------------+-----
Stealth        | 7 11 16 17 18 | 18.0
Spellcasting   | 3 6 9 10 11 12 13 | 13.7
Hexes          | 4 6 9 10 11 13 14 | 14.0
Fighting       | 2 3 4 6 8 |  8.9
Short Blades   | 3 5 6 8 11 | 11.5
Dodging        | 6 9 11 14 16 | 16.8
Conjurations   | 1 2 4 5 |  5.0
Necromancy     | 1 3 5 6 7 |  7.0
Ice Magic      | 1 3 4 5 |  5.0

Action                   |  1- 3 |  4- 6 |  7- 9 | 10-12 || total
-------------------------+-------+-------+-------+-------++-------
Melee: Dagger            |    17 |     1 |    65 |   209 ||   292
Throw: Stone             |     1 |       |     5 |       ||     6
 Cast: Ensorcelled Hiber |     2 |       |    15 |    28 ||    45
       Confusing Touch   |       |       |    11 |    37 ||    48
  Use: Potion            |     2 |       |       |     8 ||    10
       Scroll            |     1 |       |       |       ||     1
 Stab: Sleeping          |     5 |     1 |    11 |    22 ||    39
       Confused          |       |       |     9 |    28 ||    37
Armor: Robe              |       |       |       |     3 ||     3
Dodge: Dodged            |     9 |       |    26 |   133 ||   168
